 Dungeon Crawl Stone Soup version 0.29.1-1-gd02db6906a (webtiles) character file.

Game seed: 16207106560529688383

848 corgi the Ducker (level 8, 0/58 (61) HPs)
             Began as a Merfolk Gladiator on Oct 8, 2022.
             Was an Initiate of Dithmenos.
             Slain by a wight
             ... wielding a +3 falchion
              (7 damage)
             ... on level 6 of the Dungeon.
             The game lasted 00:25:10 (4376 turns).

corgi the Ducker (Merfolk Gladiator)                Turns: 4376, Time: 00:25:10

HP:   0/58 (61)     AC:  5    Str: 14    XL:     8   Next: 1%
MP:   8/8           EV: 16    Int:  7    God:    Dithmenos [......]
Gold: 152           SH:  0    Dex: 18    Spells: 7/7 levels left

rFire   . . .      SeeInvis .   a - +6 dagger "Xavuew" {vorpal, rPois rCorr Stlth+}
rCold   . . .      Faith    .   (no shield)
rNeg    . . .      Spirit   .   h - +0 robe
rPois   +          Reflect  .   c - +0 helmet
rElec   .          Harm     .   B - +0 cloak
rCorr   +          Rampage  .   p - +0 pair of gloves
Will    .....                   (no boots)
Stlth   ++++......              i - amulet of magic regeneration
HPRegen 0.19/turn               (no ring)
MPRegen 0.51/turn               (no ring)

@: flying (expiring), lightly drained
A: (nimble swimmer 2), mertail, poison resistance
a: Renounce Religion


You were on level 6 of the Dungeon.
You worshipped Dithmenos.
Dithmenos was noncommittal.
You visited 2 branches of the dungeon, and saw 7 of its levels.

You collected 152 gold pieces.

Inventory:

Hand Weapons
 a - the +6 dagger "Xavuew" (weapon) {vorpal, rPois rCorr Stlth+}
   (You found it on level 2 of the Dungeon)

   It inflicts extra damage upon your enemies.
   rPois:     It protects you from poison.
   rCorr:     It protects you from acid and corrosion.
   Stlth:     It makes you more stealthy.
 b - the +11 shortbow of the Hurtling Ancients {freeze, Stlth+}
   (You took it off an orc on level 5 of the Dungeon)

   Any ammunition fired from it freezes those it strikes, dealing additional
   cold damage.
   It can also slow down cold-blooded creatures.
   Stlth:     It makes you more stealthy.
 j - a +0 short sword
 o - a +0 long sword
Missiles
 d - 3 throwing nets (quivered)
 e - a javelin
 s - 4 boomerangs
Armour
 c - a +0 helmet (worn)
 h - a +0 robe (worn)
 k - a +0 leather armour
 p - a +0 pair of gloves (worn)
 B - a +0 cloak (worn)
Jewellery
 i - an amulet of magic regeneration (around neck)
Scrolls
 f - 4 scrolls of identify
 g - a scroll of blinking {unknown}
 n - 2 scrolls of fog {unknown}
 q - 2 scrolls of teleportation {unknown}
 x - 2 scrolls of fear
Potions
 l - 2 potions of curing
 m - a potion of lignification


   Skills:
 + Level 4.9 Fighting
 + Level 4.0(4.9) Short Blades
 - Level 4.2(5.0) Long Blades
 * Level 0.9 Ranged Weapons
 - Level 2.0 Throwing
 + Level 6.6 Dodging
 + Level 5.7 Stealth


You had 7 spell levels left.
You didn't know any spells.
Your spell library contained the following spells:

 Spells                   Type           Power      Damage    Failure   Level
 Static Discharge         Conj/Air       0%         3-3/arc   56%         2
 Hailstorm                Conj/Ice       0%         3d3       99%         4
 Ice Form                 Ice/Tmut       0%         N/A       99%         4
 Eringya's Noxious Bog    Tmut/Pois      0%         N/A       100%        6
 Simulacrum               Ice/Necr       0%         N/A       100%        6


Dungeon Overview and Level Annotations

Branches:
Dungeon (6/15)             Temple (1/1) D:4

Altars:
Ashenzari
Cheibriados
Dithmenos
Elyvilon
Fedhas
Gozag
Kikubaaqudgha
Makhleb
Okawaru
Ru
Sif Muna
Trog
Uskayaw
Vehumet
Xom
Yredelemnul
The Shining One

Shops:
D:1 =   D:3 *

Annotations:
D:4 Pikel


Innate Abilities, Weirdness & Mutations

((You are very nimble when in or above water. (Stealth+, EV+, Speed+++)))
Your lower body shifts to a powerful aquatic tail in water.
Your system is resistant to poisons. (rPois)


Message History

The helpless wight fails to defend itself.
You perforate the wight like a sieve!!!
You destroy the wight!
Dithmenos accepts your kill. The wight hits you with a +0 battleaxe!
You feel drained.
Your life force feels restored.
Your Short Blades skill increases to level 4!
You have reached level 8!
You are starting to lose your buoyancy.
The wight hits you but does no damage. The wight hits you with a +3 falchion.
Things that are here:
a +1 flail of venom; a +0 robe The wight attacks as you move away!
The wight hits you with a +3 falchion!
You feel drained.
You reach down and open the door.
The wight hits you with a +0 battleaxe. The wight hits you with a +3 falchion!
You feel drained.
* * * LOW HITPOINT WARNING * * *
You can't see any enemies this would affect, really read the scroll of fear?
Okay, then.
Okay, then.
Okay, then.
There is an open door here.
The wight attacks as you move away! The wight barely misses you.
You hit the wight.
The wight is heavily damaged.
The wight misses you.
You completely miss the wight. You punch the wight.
The wight is heavily damaged.
You hit the wight. You punch the wight, but do no damage.
The wight is severely damaged.
The wight misses you. The wight hits you with a +3 falchion!
* * * LOW HITPOINT WARNING * * *
You feel drained.
* * * LOW HITPOINT WARNING * * *
You hit the wight but do no damage.
The wight is severely damaged.
You hit the wight but do no damage.
The wight is severely damaged.
The wight closely misses you. The wight hits you with a +3 falchion!
You die...

#.............#..
#...............
#.............# .
+.........#...#.#..
#.........#...#.#..
...###.#...#........
#.###.......# #
#.####......#..
#....z@........
##.).#z.....##.
#(..#......#
#...#......#
#...##'###....
#...##.######.
#.............
#.####.######.
#....<.#


You could see 2 wights.

Vanquished Creatures
  Menkaure (D:4)
  An ogre (D:5)
  A phantom (D:5)
  A centaur (D:5)
  A lemure (D:5)
  2 necrophages
  A scorpion (D:5)
  A wight (D:6)
  A howler monkey (D:5)
  An iguana (D:5)
  Ijyb (D:4)
  An orc wizard (D:5)
  5 adders
  A worm (D:3)
  2 dart slugs (D:5)
  6 orcs
  5 bats
  13 endoplasms
  2 giant cockroaches (D:2)
  13 goblins
  11 hobgoblins
  3 jackals (D:1)
  3 kobolds
  4 quokkas
  11 ball pythons
  A frilled lizard (D:1)
  4 rats
97 creatures vanquished.

Vanquished Creatures (others)
  2 fungi (D:2)
2 creatures vanquished.

Grand Total: 99 creatures vanquished

Notes
Turn   | Place    | Note
-------+----------+-------------------------------------------
     0 | D:1      | corgi the Merfolk Gladiator began the quest for the Orb.
     0 | D:1      | Reached XP level 1. HP: 16/16 MP: 1/1
   302 | D:1      | Reached XP level 2. HP: 23/23 MP: 2/2
   397 | D:1      | Found Vaedd's Jewellery Shoppe.
   562 | D:1      | Reached XP level 3. HP: 25/28 MP: 3/3
   829 | D:1      | You fall into a shaft and drop 1 floor!
   988 | D:2      | Identified the +6 dagger "Xavuew" {vorpal, rPois rCorr
                  | Stlth+}
  1352 | D:2      | Reached skill level 1 in Stealth
  1352 | D:2      | Reached XP level 4. HP: 35/35 MP: 4/4
  1552 | D:2      | Reached skill level 1 in Short Blades
  1552 | D:2      | Found a faded altar of an unknown god.
  1817 | D:3      | Got the Incunabulum of the Firefly
  1917 | D:3      | Reached skill level 5 in Dodging
  1923 | D:3      | Found a burning altar of Makhleb.
  2097 | D:3      | Found Ynuxkor's Assorted Antiques.
  2151 | D:3      | Reached XP level 5. HP: 41/41 MP: 5/5
  2362 | D:4      | Noticed Menkaure
  2390 | D:4      | Noticed Ijyb
  2397 | D:4      | Paralysed by Ijyb for 5 turns
  2413 | D:4      | Killed Ijyb
  2601 | D:4      | Found a staircase to the Ecumenical Temple.
  2608 | Temple   | Entered the Ecumenical Temple
  2671 | Temple   | Became a worshipper of Dithmenos the Shadowed
  2702 | D:4      | Noticed an ogre
  2702 | D:4      | Noticed a two-headed ogre
  2707 | D:4      | Noticed a phantom
  2919 | D:4      | Noticed a lemure
  2922 | D:4      | Noticed Pikel
  2923 | D:4      | Noticed a lemure
  2953 | D:4      | Killed Menkaure
  2954 | D:4      | Reached XP level 6. HP: 48/48 MP: 6/6
  2980 | D:5      | Entered Level 5 of the Dungeon
  3417 | D:5      | Gained mutation: Your system is resistant to poisons.
                  | (rPois) [potion of mutation]
  3436 | D:5      | Found an opulent altar of Gozag.
  3503 | D:5      | Reached XP level 7. HP: 54/54 MP: 7/7
  3516 | D:5      | Reached skill level 6 in Dodging
  3842 | D:5      | Reached skill level 5 in Stealth
  3906 | D:5      | Identified the +11 shortbow of the Hurtling Ancients
                  | {freeze, Stlth+}
  4367 | D:6      | Reached XP level 8. HP: 46/61 MP: 8/8
  4376 | D:6      | Slain by a wight

Illustrated notes

Levels and vault maps discovered:
D:1:      dpeg_arrival_tiny_d, layout_basic, serial_shops,
          nicolae_lakefront_shop
D:2:      layout_basic, dreamdust_ecumenical_altar_grove
D:3:      layout_rooms, nicolae_overflow_crystal_walls, serial_shops,
          nicolae_shop_hallway_plus, kennysheep_another_room
D:4:      layout_layer_cave, mainiacjoe_overflow_surrounded_room, temple_green,
          st_stairs_10, uniq_pikel, uniq_menkaure, uniq_ijyb
D:5:      layout_rooms, nicolae_overflow_hidden_temple
D:6:      layout_basic
Temple:   eino_wide_crystal_templ

Skill      XL: |  1  2  3  4  5  6  7 |
---------------+----------------------+-----
Long Blades    | 4 |  4.2
Fighting       | 3 4 |  4.9
Stealth        | 1 2 3 4 5 |  5.7
Short Blades   | 1 2 3 4 |  4.0
Dodging        | 5 6 |  6.6
Ranged Weapons | |  0.9
Throwing       | |  2.0

Action                   |  1- 3 |  4- 6 |  7- 9 || total
-------------------------+-------+-------+-------++-------
Melee: Long sword        |    65 |       |       ||    65
       Dagger            |    12 |   124 |    59 ||   195
       Punch             |       |       |     4 ||     4
 Fire: Shortbow          |       |       |     2 ||     2
  Use: Potion            |       |     9 |     3 ||    12
       Scroll            |       |     4 |       ||     4
 Stab: Sleeping          |     6 |     9 |     2 ||    17
Armor: Leather armour    |     3 |       |       ||     3
       Robe              |    13 |    21 |     7 ||    41
Dodge: Dodged            |    58 |    75 |    31 ||   164
